 Dungeon Crawl Stone Soup version 0.19.1-1-g22dce08 (webtiles) character file.

345151 theAP the Shatterer (level 22, 0/157 HPs)
             Began as a Gargoyle Fighter on Jan 11, 2017.
             Was an Elder of Qazlal.
             Slain by Margery
             ... wielding a +5 demon trident
              (14 damage)
             ... on level 5 of the Vaults.
             The game lasted 02:52:59 (38720 turns).

theAP the Shatterer (Gargoyle Fighter)             Turns: 38720, Time: 02:53:01

Health: 0/157      AC: 54    Str: 32    XL:     22   Next: 9%
Magic:  33/33      EV: 12    Int: 12    God:    Qazlal [****..]
Gold:   2121       SH: 20    Dex: 12    Spells: 0 memorised, 21 levels left

rFire  + . .     SeeInvis +     W - +9 flail (freeze)
rCold  . . .     Gourm    .     d - +6 crystal plate armour
rNeg   + . .     Faith    .     i - +4 buckler of Parts Unknown {rF+ Str+4}
rPois  ∞         Spirit   .     T - +0 mask of the Dragon {MR+ Slay+3 SInv}
rElec  +         Reflect  +     P - +1 cloak {+Inv}
rCorr  .         Harm     .     k - +1 pair of gloves
MR     +++..                    b - +2 pair of boots
Stlth  ..........               K - +4 amulet of reflection
                                I - +6 ring of evasion
                                c - ring of protection from magic

@: about to teleport, flying, very slightly contaminated, repel missiles
A: antennae 1, big wings, talons 1, icy blue scales 1, agile 1, clever 1,
negative energy resistance 1, regeneration 1, electricity resistance,
unbreathing, petrification resistance, rot immunity, MP-powered wands, AC +16
a: Stop Flying, Upheaval, Elemental Force, Renounce Religion, Evoke Invisibility
}: 2/15 runes: barnacled, gossamer


You were on level 5 of the Vaults.
You worshipped Qazlal.
Qazlal was greatly pleased with you.
You were not hungry.

You visited 8 branches of the dungeon, and saw 38 of its levels.
You visited the Abyss 1 time.
You visited 2 bazaars.
You also visited: Labyrinth, Ice Cave and Volcano.

You collected 4527 gold pieces.
You spent 2406 gold pieces at shops.

Inventory:

Hand Weapons
 l - a +4 mace of protection
 W - a +9 flail of freezing (weapon)
Armour
 b - a +2 pair of boots (worn)
 d - a +6 crystal plate armour (worn)
 i - the +4 buckler of Parts Unknown (worn) {rF+ Str+4}
   (You bought it in a shop in a bazaar)

   It affects your strength (+4).
   It protects you from fire.
 k - a +1 pair of gloves (worn)
 P - a +1 cloak of invisibility (worn)
 T - the +0 mask of the Dragon (worn) {MR+ Slay+3 SInv}
   (You bought it in a shop on level 15 of the Dungeon)

   It affects your accuracy and damage with ranged weapons and melee attacks
   (+3).
   It affects your resistance to hostile enchantments.
   It lets you see invisible.
Jewellery
 c - a ring of protection from magic (left hand)
 I - a +6 ring of evasion (right hand)
 K - a +4 amulet of reflection (around neck)
Wands
 w - a wand of enslavement (18/24)
 x - a wand of digging (6/24)
 A - a wand of hasting (3/9)
 D - a wand of heal wounds (0/9)
 E - a wand of teleportation (0/9)
 J - a wand of slowing (27/48)
 L - a wand of digging (12/24)
 O - a wand of random effects (32/48)
 S - a wand of digging (18/24)
Scrolls
 a - 2 scrolls of magic mapping
 e - 5 scrolls of teleportation
 p - a scroll of blinking
 G - 2 scrolls of silence
 H - 11 scrolls of remove curse
 N - 2 scrolls of enchant weapon
 V - 3 scrolls of fear
 Y - 18 scrolls of identify
Potions
 j - 2 potions of cancellation
 o - a potion of ambrosia
 r - 4 potions of invisibility
 s - 5 potions of agility
 t - 6 potions of might
 u - 4 potions of magic
 B - 5 potions of brilliance
 F - a potion of resistance
 Q - 2 potions of berserk rage
 R - a potion of curing
Books
 v - a book of the Sky

   Spells                             Type                      Level
   a - Summon Lightning Spire         Summoning/Air                4
   b - Airstrike                      Air                          4
   c - Silence                        Hexes/Air                    5
   d - Deflect Missiles               Charms/Air                   6
   e - Conjure Ball Lightning         Conjuration/Air              6
   f - Tornado                        Air                          9
Miscellaneous
 y - a disc of storms
 C - a phantom mirror
Comestibles
 f - 23 bread rations
 h - 18 fruits
 m - 7 royal jellies
 n - 9 meat rations
 q - 8 beef jerkies
 U - a slice of pizza


   Skills:
 * Level 22.3 Fighting
 - Level 23.0 Maces & Flails
 + Level 11.1 Armour
 + Level 13.1 Shields
 - Level 15.4 Invocations


You had 21 spell levels left.
You didn't know any spells.

Dungeon Overview and Level Annotations

Branches:
Dungeon (15/15)            Temple (1/1) D:5            Lair (6/6) D:11
 Shoals (4/4) Lair:4       Spider (4/4) Lair:3        Slime (0/5) Lair:5
    Orc (2/2) D:12            Elf (1/3) Orc:2        Vaults (5/5) D:14
  Crypt (0/3) Vaults:3     Depths (0/5) D:15

Altars:
Ashenzari
Cheibriados
Dithmenos
Elyvilon
Fedhas
Gozag
Hepliaklqana
Kikubaaqudgha
Makhleb
Nemelex Xobeh
Okawaru
Qazlal
Ru
Sif Muna
Uskayaw
Vehumet
Xom
Yredelemnul
The Shining One
Beogh

Shops:
D:4 =   D:5 [[   D:6 *   D:11 }   D:13 [   D:15 [   Orc:1 [   Orc:2 (![=
Elf:1 ?   Vaults:1 (   Vaults:2 (

Portals:
Trove: Vaults:2 (give 4 scrolls of blinking)

Annotations:
Vaults:5 Jory, Mara, Margery, Sojobo


Innate Abilities, Weirdness & Mutations

You are resistant to torment.
Your stone body is resilient. (AC +16)
You are immune to poison.
Your large and strong wings let you fly indefinitely.
You resist negative energy. (rN+)
You are resistant to electric shocks. (rElec)
You can survive without breathing.
You are immune to petrification.
You are immune to rotting.
You have a pair of small antennae on your head.
You have sharp toenails.
You are partially covered in icy blue scales. (AC +2)
You are agile. (Dex +2)
Your mind is acute. (Int +2)
Your natural rate of healing is unusually fast.
You expend magic power (3 MP) to strengthen your wands.


Message History

The air twists around and violently strikes you in flight!
* * * LOW HITPOINT WARNING * * *
The deep elf elementalist hits your vault warden but does no damage.
You block the hell knight's attack.
Your yaktaur barely misses the necromancer.
A battlesphere comes into view.
As you read the scroll of teleportation, it crumbles to dust.
You feel strangely unstable.
You hear a shout!
The deep elf annihilator is engulfed in freezing vapours.
The deep elf annihilator gestures at you while chanting.
The bolt of lightning hits you! You resist.
* * * LOW HITPOINT WARNING * * *
The tengu reaver casts a spell at you. The bolt of lightning misses you.
The deep elf elementalist casts a spell.
The necromancer gestures wildly while chanting.
The necromancer binds the souls of nearby monsters.
Margery hits you from afar with an enchanted demon trident!
You die...

...........Coo.
............o.C
##
#################
.....*. .. ...
.#.#.#.# #.#
...pQ .... # #c§#
.##.#
...##.##ec##.##.
#..
#...}p@p.cHTC..
..[##@##Qp##.##.
# #eQ# # .E*#
#cC# #p.# #..#
...#


You could see Margery, Sojobo, a titan, a fire giant, a sphinx, a vault warden,
2 tengu reavers, 3 yaktaur captains, a deep elf annihilator, a hell knight, a
deep elf elementalist, a deep troll, an ironbrand convoker, a necromancer, an
air elemental, 2 battlespheres, a friendly vault warden and a friendly yaktaur.

Vanquished Creatures
  Nikola (Shoals:3)
  2 golden dragons (Vaults:5)
  Arachne (Spider:2)
  Jorgrun (Shoals:2)
  A tentacled monstrosity (Vaults:1)
  A kraken (Shoals:1)
  2 sphinxes
  2 tentacled starspawn (Abyss:2)
  A tengu reaver (Vaults:1)
  Ilsuiw (Shoals:4)
  7 emperor scorpions
  13 vault wardens
  Aizul (Vaults:2)
  2 ghost moths
  A frost giant (IceCv)
  A deep elf elementalist (Vaults:5)
  8 very ugly things
  6 ironheart preservers
  2 entropy weavers
  2 war gargoyles (Vaults:5)
  7 stone giants
  3 deep elf annihilators
  A dire elephant (D:15)
  2 spark wasps
  An eidolon (Abyss:2)
  4 merfolk javelineers (Shoals:4)
  A minotaur (Lab)
  3 ettins
  2 deep elf death magi
  2 fire dragons
  A crystal guardian (Vaults:3)
  9 merfolk impalers
  A deep elf high priest (Elf:1)
  A rakshasa (Vaults:1)
  4 yaktaur captains
  10 ogre magi
  9 hydras
  Harold (D:10)
  3 ice dragons
  40 vault guards
  8 merfolk aquamancers
  4 merfolk avatars
  A catoblepas (Shoals:3)
  An alligator snapping turtle (Shoals:4)
  6 dancing weapons
  4 death knights
  The ghost of Atlantean the Protected, a journeyman GrFi of Okawaru (Volcano)
  A deep troll shaman (Vaults:2)
  9 centaur warriors
  3 satyrs
  3 death yaks
  2 tengu warriors (D:14)
  4 orc high priests (Orc:2)
  A shock serpent (shapeshifter) (Vaults:5)
  A thrashing horror (Abyss:2)
  9 deep elf knights
  Urug (Lair:5)
  2 skeletal warriors (D:13)
  An unseen horror (Vaults:1)
  A glowing orange brain (Vaults:2)
  7 wizards
  A flayed ghost (Vaults:2)
  9 sea snakes
  2 kraken simulacra (Shoals:4)
  12 ironbrand convokers
  8 deep trolls
  11 deep elf archers
  3 phantasmal warriors
  Pikel (D:8)
  2 lindwurms
  3 hill giants
  25 wolf spiders
  6 orc knights
  20 harpies
  A wolf spider zombie (D:13)
  2 oklob plants (Lair:5)
  An orc sorcerer (Orc:2)
  7 necromancers
  35 ugly things
  19 orb spiders
  34 deep elf magi
  10 manticores
  2 fauns
  8 cyclopes
  3 moths of wrath
  A salamander (D:15)
  A worldbinder (Abyss:2)
  3 elephants (Lair:5)
  3 water nymphs
  5 toenail golems (Volcano)
  8 sirens
  7 black mambas
  A smoke demon (Abyss:2)
  16 spiny frogs
  3 molten gargoyles (Lair:6)
  14 vault sentinels
  2 gargoyles
  Psyche (D:8)
  6 rime drakes
  11 demonic crawlers
  9 komodo dragons
  6 freezing wraiths
  A tengu conjurer (D:14)
  26 yaktaurs
  A hellwing (Abyss:2)
  A queen bee (Spider:1)
  24 jumping spiders
  5 trolls
  24 merfolk
  6 meliai
  5 hornets
  13 two-headed ogres
  23 blink frogs
  A wind drake (Shoals:2)
  A raiju (Abyss:2)
  16 polar bears
  A dream sheep (shapeshifter) (Vaults:1)
  A fire giant simulacrum (Vaults:1)
  16 snapping turtles
  7 dream sheep (Lair:6)
  12 hippogriffs
  11 slime creatures
  A vampire (D:10)
  Sigmund (D:3)
  4 spriggans (Lair:3)
  A shadow (D:14)
  A spriggan (shapeshifter) (D:15)
  23 tarantellas
  A ynoxinul (D:14)
  4 large abominations (Abyss:2)
  6 fire bats
  5 wraiths
  8 water elementals
  18 humans
  A basilisk (shapeshifter) (Vaults:1)
  58 redbacks
  9 basilisks
  7 wyverns
  67 yaks
  2 golden eyes (shapeshifter)
  2 steam dragons
  4 hungry ghosts
  A neqoxec (Abyss:2)
  4 vampire mosquitoes (Spider:4)
  4 mottled dragons
  5 hell hounds (Lair:6)
  4 wargs
  14 porcupines
  10 water moccasins
  26 orc warriors
  A slave (D:8)
  2 black bears (shapeshifter) (Vaults:2)
  4 eyes of draining
  3 phantoms
  2 black bears
  A necrophage (D:13)
  2 ice beasts
  3 sky beasts
  An ettin simulacrum (Vaults:1)
  6 boggarts (Vaults:2)
  3 small abominations (Abyss:2)
  25 wolves
  33 ogres
  28 centaurs
  11 crocodiles
  A big kobold (shapeshifter) (Vaults:4)
  2 big kobolds
  17 bullfrogs
  A wyvern zombie (D:14)
  3 earth elementals
  A wyvern skeleton (D:11)
  A water moccasin zombie (D:10)
  8 scorpions
  27 killer bees
  An orc simulacrum (Vaults:1)
  12 wights
  4 electric eels
  7 crimson imps
  3 howler monkeys
  5 lava snakes (Lair:6)
  2 bullfrog zombies
  3 centaur zombies
  6 hounds
  2 quasits
  17 starcursed masses (Abyss:2)
  4 jellies
  6 centaur skeletons
  29 orc priests
  Ijyb (D:3)
  4 iguanas
  Natasha (thrice) (D:3)
  28 orc wizards
  22 worker ants
  A howler monkey zombie (D:3)
  12 gnolls
  13 adders
  5 shadow imps
  3 oozes
  3 adder skeletons
  9 worms
  A dart slug (D:1)
  6 leopard geckos
  66 orcs
  2 ball pythons
  7 giant cockroaches
  6 goblins
  3 hobgoblins
  7 jackals
  12 kobolds
  8 quokkas
  10 bats
  5 frilled lizards
  3 rats
  8 crawling corpses
  41 fungi
  46 plants
  2 starspawn tentacles (Abyss:2)
  7 tentacles
1670 creatures vanquished.

Vanquished Creatures (others)
  Polyphemus (Shoals:3)
  2 yaktaur captains (Vaults:2)
  4 merfolk javelineers (Shoals:4)
  A death yak (Shoals:3)
  3 deep elf archers
  2 deep elf magi
  2 cyclopes
  2 draconians (D:1)
  A gargoyle (D:1)
  2 vine stalkers (D:1)
  An elf (D:1)
  3 yaktaurs
  A troll (D:1)
  A formicid (D:1)
  A spriggan (D:1)
  A yak (IceCv)
  2 vampires (D:1)
  2 humans (D:1)
  2 nagas (D:1)
  A wolf (IceCv)
  4 centaurs
  An iguana (D:8)
  An adder (D:4)
  2 leopard geckos (D:4)
  2 orcs
  A crawling corpse (Vaults:5)
  13 fungi
  14 plants
  6 starspawn tentacles (Abyss:2)
  20 tentacles
99 creatures vanquished.

Grand Total: 1769 creatures vanquished

Notes
Turn   | Place    | Note
-------+----------+-------------------------------------------
     0 | D:1      | theAP the Gargoyle Fighter began the quest for the Orb.
     0 | D:1      | Reached XP level 1. HP: 14/14 MP: 1/1
     2 | D:1      | Noticed a vampire
     2 | D:1      | Noticed a vine stalker
     2 | D:1      | Noticed a vampire
     2 | D:1      | Noticed a naga
     2 | D:1      | Noticed a draconian
     2 | D:1      | Noticed a gargoyle
     2 | D:1      | Noticed a kraken
     2 | D:1      | Noticed a human
     2 | D:1      | Noticed a troll
     2 | D:1      | Noticed a human
     2 | D:1      | Noticed a draconian
     2 | D:1      | Noticed an elf
     2 | D:1      | Noticed a formicid
     2 | D:1      | Noticed a spriggan
     2 | D:1      | Noticed a naga
     2 | D:1      | Noticed a vine stalker
     3 | D:1      | Killed a vampire
     4 | D:1      | Killed a vine stalker
     5 | D:1      | Killed a human
     7 | D:1      | Killed a troll
     8 | D:1      | Killed a draconian
     8 | D:1      | Killed a vampire
     9 | D:1      | Killed an elf
     9 | D:1      | Killed a spriggan
     9 | D:1      | Killed a naga
    10 | D:1      | Killed a vine stalker
    11 | D:1      | Killed a formicid
    12 | D:1      | Killed a gargoyle
    13 | D:1      | Killed a draconian
    13 | D:1      | Killed a naga
    15 | D:1      | Killed a human
    73 | D:1      | Reached XP level 2. HP: 17/19 MP: 2/2
   509 | D:2      | Reached skill level 3 in Maces & Flails
   509 | D:2      | Reached XP level 3. HP: 24/24 MP: 3/3
  1026 | D:3      | Reached XP level 4. HP: 29/29 MP: 4/4
  1290 | D:3      | Noticed a water moccasin
  1302 | D:3      | Killed a water moccasin
  1302 | D:3      | Reached skill level 4 in Maces & Flails
  1302 | D:3      | Reached XP level 5. HP: 15/34 MP: 5/5
  1568 | D:3      | Noticed Ijyb
  1591 | D:3      | Killed Ijyb
  1610 | D:3      | Found a shadowy altar of Dithmenos.
  1636 | D:3      | Found a shimmering altar of Xom.
  1716 | D:3      | Noticed Natasha
  1723 | D:3      | Killed Natasha
  1723 | D:3      | Reached skill level 5 in Maces & Flails
  1723 | D:3      | Reached XP level 6. HP: 40/40 MP: 6/6
  1877 | D:3      | Found a white marble altar of Elyvilon.
  1885 | D:3      | Found a hide-covered altar of Uskayaw.
  1995 | D:3      | Noticed Sigmund
  2032 | D:3      | Killed Sigmund
  2032 | D:3      | Reached skill level 5 in Fighting
  2318 | D:3      | Found an opulent altar of Gozag.
  2386 | D:3      | Noticed Natasha
  2411 | D:3      | Reached skill level 6 in Maces & Flails
  2420 | D:3      | Killed Natasha
  2420 | D:3      | Reached XP level 7. HP: 26/44 MP: 7/7
  2729 | D:3      | Noticed Natasha
  2744 | D:3      | Killed Natasha
  3035 | D:4      | Reached skill level 7 in Maces & Flails
  3145 | D:4      | Found a shimmering altar of Xom.
  3211 | D:4      | Got a slimy spear
  3212 | D:4      | Identified the +3 spear of Verph {pierce, Int+4} (You found it on level 4 of the Dungeon)
  3224 | D:4      | Found Didweim's Jewellery Boutique.
  3775 | D:5      | Entered Level 5 of the Dungeon
  3899 | D:5      | Reached XP level 8. HP: 49/51 MP: 8/8
  3979 | D:5      | Found Aqueryn's Armour Boutique.
  4073 | D:5      | Reached skill level 8 in Maces & Flails
  4215 | D:5      | Found Lopuwaan's Antique Armour Shoppe.
  4221 | D:5      | Found a staircase to the Ecumenical Temple.
  4242 | Temple   | Entered the Ecumenical Temple
  4307 | Temple   | Became a worshipper of Qazlal Stormbringer
  4810 | D:6      | Reached skill level 9 in Maces & Flails
  4903 | D:6      | Reached XP level 9. HP: 36/57 MP: 9/9
  5001 | D:6      | Paralysed by an orc warrior for 5 turns
  5258 | D:6      | Found Ucviesm's Assorted Antiques.
  5393 | D:6      | Reached * piety under Qazlal
  5393 | D:6      | Reached skill level 10 in Maces & Flails
  5668 | D:6      | Bought a scroll labeled XICICRUEFF for 28 gold pieces
  5668 | D:6      | Bought a scroll labeled YJAPSAOTID for 28 gold pieces
  6165 | D:7      | Identified the Compendium of the Compass and the Glacier
  6347 | D:8      | Reached skill level 11 in Maces & Flails
  6361 | D:8      | Noticed Pikel
  6381 | D:8      | Killed Pikel
  6381 | D:8      | Reached ** piety under Qazlal
  6381 | D:8      | Reached XP level 10. HP: 66/66 MP: 10/10
  6441 | D:8      | Gained mutation: Potions and wands are less effective at restoring your health. [potion of mutation]
  6441 | D:8      | Gained mutation: You are resistant to hostile enchantments. (MR+) [potion of mutation]
  6468 | D:8      | Noticed Psyche
  6473 | D:8      | Killed Psyche
  7155 | D:9      | Reached skill level 12 in Maces & Flails
  7155 | D:9      | Reached skill level 1 in Invocations
  7321 | D:9      | Found a shattered altar of Ashenzari.
  7643 | D:9      | You fall through a shaft for 2 floors!
  7643 | D:11     | Found a staircase to the Lair.
  7712 | D:10     | Entered Level 10 of the Dungeon
  7754 | D:10     | Gained mutation: You are frail. (-10% HP) [mutagenic meat]
  7805 | D:10     | Reached skill level 10 in Fighting
  7874 | D:10     | Reached *** piety under Qazlal
  8053 | D:10     | Noticed a hill giant
  8059 | D:10     | Killed a hill giant
  8068 | D:10     | Reached XP level 11. HP: 65/65 MP: 13/13
  8169 | D:10     | Reached skill level 13 in Maces & Flails
  8604 | D:10     | Reached skill level 5 in Invocations
  8627 | D:10     | Noticed Harold
  8668 | D:10     | Killed Harold
  9255 | D:11     | Found a shadowy altar of Dithmenos.
  9287 | D:11     | Found Poblyeta's Gadget Emporium.
  9308 | D:11     | Reached skill level 14 in Maces & Flails
  9408 | D:11     | Reached **** piety under Qazlal
  9831 | D:12     | Lost mutation: Potions and wands are less effective at restoring your health. [potion of cure mutation]
  9831 | D:12     | Lost mutation: You are resistant to hostile enchantments. (MR+) [potion of cure mutation]
  9831 | D:12     | Lost mutation: You are frail. (-10% HP) [potion of cure mutation]
  9843 | D:12     | Found a staircase to the Orcish Mines.
  9954 | D:12     | Noticed an eight-headed hydra
  9973 | D:12     | Killed an eight-headed hydra
  9973 | D:12     | Reached XP level 12. HP: 62/80 MP: 15/17
 10377 | D:12     | Found a shadowy altar of Dithmenos.
 10584 | D:13     | Noticed a centaur warrior
 10592 | D:13     | Killed a centaur warrior
 10647 | D:13     | Reached ***** piety under Qazlal
 10649 | D:13     | Noticed a centaur warrior
 10654 | D:13     | Killed a centaur warrior
 10655 | D:13     | Noticed a centaur warrior
 10662 | D:13     | Killed a centaur warrior
 10674 | D:13     | Reached skill level 15 in Maces & Flails
 10691 | D:13     | Noticed a centaur warrior
 10702 | D:13     | Killed a centaur warrior
 10774 | D:13     | Noticed a death knight
 10805 | D:13     | Killed a death knight
 10815 | D:13     | Reached XP level 13. HP: 34/87 MP: 19/19
 10875 | D:13     | Found Ureorauk's Armour Shoppe.
 10896 | D:13     | Found a frozen archway.
 10908 | IceCv    | Entered an ice cave
 11228 | IceCv    | Reached skill level 16 in Maces & Flails
 11542 | IceCv    | Noticed a frost giant
 11565 | IceCv    | Killed a frost giant
 12784 | Lair:1   | Entered Level 1 of the Lair of Beasts
 13488 | Lair:2   | Gained mutation: Your large and strong wings let you fly indefinitely. [Gargoyle growth]
 13488 | Lair:2   | Reached XP level 14. HP: 95/95 MP: 21/21
 13502 | Lair:2   | Reached skill level 17 in Maces & Flails
 13502 | Lair:2   | Reached skill level 5 in Shields
 13678 | Lair:2   | Found a dark tunnel.
 13690 | Volcano  | Entered a volcano
 13904 | Volcano  | Noticed Atlantean's ghost (journeyman GrFi)
 13918 | Volcano  | Killed Atlantean's ghost
 15011 | Lair:3   | Gained mutation: You are partially covered in icy blue scales. (AC +2) [potion of mutation]
 15011 | Lair:3   | Gained mutation: Your body sometimes deteriorates upon taking damage. [potion of mutation]
 15011 | Lair:3   | Gained mutation: You are clumsy. (Dex -2) [potion of mutation]
 15052 | Lair:3   | Found a hole to the Spider Nest.
 16047 | Lair:4   | Found a staircase to the Shoals.
 16379 | Lair:5   | Noticed Urug
 16387 | Lair:5   | Killed Urug
 16693 | Lair:5   | Reached skill level 18 in Maces & Flails
 16893 | Lair:5   | Found a staircase to the Slime Pits.
 17092 | Lair:6   | Entered Level 6 of the Lair of Beasts
 17105 | Lair:6   | Reached XP level 15. HP: 96/101 MP: 14/22
 17110 | Lair:6   | Reached skill level 10 in Invocations
 17270 | Lair:6   | Reached skill level 15 in Fighting
 17452 | Lair:6   | Reached ****** piety under Qazlal
 17905 | Lair:6   | Found a large runed door.
 17905 | Lair:6   | Found a large runed door.
 18686 | Orc:1    | Entered Level 1 of the Orcish Mines
 18854 | Orc:1    | Found Wuixudoi's Armour Boutique.
 19034 | Orc:2    | Entered Level 2 of the Orcish Mines
 19070 | Orc:2    | Found a labyrinth entrance.
 19084 | Lab      | Entered a labyrinth
 19760 | Lab      | Identified the Incunabulum of the Unstable Frostbite
 19762 | Lab      | Got a warped mace
 19764 | Lab      | Identified the +9 mace of Integrity {crush, rPois SInv} (You found it in a labyrinth)
 19778 | Orc:2    | Found a roughly hewn altar of Beogh.
 19779 | Orc:2    | Found a staircase to the Elven Halls.
 19792 | Orc:2    | Reached skill level 19 in Maces & Flails
 20666 | Orc:2    | Found Lutefa's Jewellery Boutique.
 20666 | Orc:2    | Found Ceex's Armour Boutique.
 20667 | Orc:2    | Found Niara's Weapon Shop.
 20670 | Orc:2    | Found Uromp's Distillery.
 20750 | Orc:2    | Found a roughly hewn altar of Beogh.
 20997 | Spider:1 | Entered Level 1 of the Spider Nest
 21152 | Spider:1 | Reached XP level 16. HP: 48/108 MP: 24/24
 22028 | Spider:2 | Noticed Arachne
 22065 | Spider:2 | Killed Arachne
 22533 | Spider:2 | You are sucked into a shaft!
 22916 | Spider:3 | Reached skill level 20 in Maces & Flails
 23191 | Spider:4 | Entered Level 4 of the Spider Nest
 23713 | Spider:4 | Reached XP level 17. HP: 91/116 MP: 22/26
 24229 | Spider:4 | Got a gossamer rune of Zot
 24489 | Lair:2   | Lost mutation: Your body sometimes deteriorates upon taking damage. [potion of mutation]
 24489 | Lair:2   | Lost mutation: You are clumsy. (Dex -2) [potion of mutation]
 24489 | Lair:2   | Gained mutation: You have a pair of small antennae on your head. [potion of mutation]
 24533 | Shoals:1 | Entered Level 1 of the Shoals
 24855 | Shoals:1 | Reached skill level 21 in Maces & Flails
 24995 | Shoals:1 | Noticed a kraken
 25024 | Shoals:1 | Killed a kraken
 25431 | Shoals:2 | Noticed Jorgrun
 25453 | Shoals:2 | Killed Jorgrun
 25475 | Shoals:2 | Found a flickering gateway to a bazaar.
 25501 | Bazaar   | Entered a bazaar
 25506 | Bazaar   | Found Vegeogu's Food Emporium.
 25508 | Bazaar   | Found Suinewif's Book Shop.
 25544 | Bazaar   | Found Wofac's Gadget Shoppe.
 25552 | Bazaar   | Found Riroru's Book Boutique.
 26745 | Shoals:3 | Noticed Nikola
 26749 | Shoals:3 | Noticed Polyphemus
 26766 | Shoals:3 | Killed Polyphemus
 26766 | Shoals:3 | Reached XP level 18. HP: 95/124 MP: 17/28
 26814 | Shoals:3 | Killed Nikola
 26832 | Shoals:3 | Gained mutation: You expend magic power (3 MP) to strengthen your wands. [potion of mutation]
 26832 | Shoals:3 | Gained mutation: You are agile. (Dex +2) [potion of mutation]
 26832 | Shoals:3 | Gained mutation: You have sharp toenails. [potion of mutation]
 27508 | Shoals:4 | Entered Level 4 of the Shoals
 27646 | Shoals:4 | Noticed Ilsuiw
 27662 | Shoals:4 | Killed Ilsuiw
 27803 | Shoals:4 | Reached skill level 22 in Maces & Flails
 28464 | Shoals:4 | Got a barnacled rune of Zot
 28871 | D:14     | Cast into level 2 of the Abyss (a wizard)
 28923 | Abyss:2  | Reached skill level 15 in Invocations
 29041 | Abyss:2  | Paralysed by accursed screaming for 1 turns
 29054 | Abyss:2  | Paralysed by accursed screaming for 1 turns
 29209 | Abyss:2  | Paralysed by accursed screaming for 1 turns
 29224 | Abyss:2  | Found a corrupted altar of Lugonu.
 29312 | Abyss:2  | Found a burning altar of Makhleb.
 29406 | Abyss:2  | Noticed a bone dragon
 29506 | D:14     | Escaped the Abyss
 29508 | D:14     | Reached XP level 19. HP: 109/131 MP: 22/30
 29773 | D:14     | Found a gate to the Vaults.
 30262 | D:15     | Entered Level 15 of the Dungeon
 30969 | D:15     | Found a staircase to the Depths.
 31113 | D:15     | Found Xinurchay's Antique Armour Boutique.
 31122 | D:15     | Bought the +0 mask of the Dragon {MR+ Slay+3 SInv} for 1202 gold pieces
 31132 | D:15     | Bought a glowing shield for 378 gold pieces
 31209 | D:15     | Found a sparkling altar of Nemelex Xobeh.
 31415 | Orc:2    | Bought an uncursed ring of protection from magic for 400 gold pieces
 31435 | Elf:1    | Entered Level 1 of the Elven Halls
 31823 | Elf:1    | Found Kyruux's Magic Scroll Shoppe.
 32032 | Elf:1    | Reached skill level 23 in Maces & Flails
 32481 | Vaults:1 | Entered Level 1 of the Vaults
 32608 | Vaults:1 | Noticed a tentacled monstrosity
 32614 | Vaults:1 | Found Viwn's Weapon Emporium.
 32624 | Vaults:1 | Killed a tentacled monstrosity
 32770 | Vaults:1 | Reached skill level 5 in Armour
 32770 | Vaults:1 | Reached XP level 20. HP: 83/139 MP: 20/31
 32805 | Vaults:1 | Found a flickering gateway to a bazaar.
 32820 | Bazaar   | Entered a bazaar
 32838 | Bazaar   | Found Uxtigedo's Antique Weapon Shoppe.
 32838 | Bazaar   | Found Noorijot's Armour Emporium.
 32863 | Bazaar   | Found Dick's Armour Shoppe.
 32884 | Bazaar   | Found Isoepp's Book Shoppe.
 32884 | Bazaar   | Found Ymaig's General Store.
 32904 | Bazaar   | Bought a scroll of magic mapping for 42 gold pieces
 32947 | Bazaar   | Bought the +4 buckler of Parts Unknown {rF+ Str+4} for 328 gold pieces
 33362 | Vaults:1 | Reached skill level 10 in Shields
 34619 | Vaults:2 | Noticed Aizul
 34643 | Vaults:2 | Killed Aizul
 35056 | Vaults:2 | Found a portal to a secret trove of treasure.
 35624 | Vaults:2 | Found Ticit's Weapon Emporium.
 36304 | Vaults:3 | Found a staircase to the Crypt.
 36855 | Vaults:3 | Reached XP level 21. HP: 148/148 MP: 32/32
 37299 | Vaults:3 | Identified a scroll of acquirement
 38025 | Vaults:4 | Reached skill level 10 in Armour
 38371 | Vaults:4 | Gained mutation: Your mind is acute. (Int +2) [potion of beneficial mutation]
 38372 | Vaults:4 | Gained mutation: Your natural rate of healing is unusually fast. [potion of beneficial mutation]
 38506 | Vaults:5 | Entered Level 5 of the Vaults
 38506 | Vaults:5 | Noticed Mara
 38531 | Vaults:5 | Noticed Jory
 38538 | Vaults:5 | Noticed an ancient lich
 38551 | Vaults:5 | Noticed a golden dragon
 38572 | Vaults:5 | Noticed a golden dragon
 38573 | Vaults:5 | Reached XP level 22. HP: 69/156 MP: 1/33
 38579 | Vaults:5 | Killed a golden dragon
 38621 | Vaults:5 | Killed a golden dragon
 38670 | Vaults:5 | HP: 6/157 [something/fireball (6)]
 38706 | Vaults:5 | Noticed Sojobo
 38711 | Vaults:5 | HP: 2/157 [hell knight/bolt of fire[Margery] (15)]
 38717 | Vaults:5 | Noticed Margery
 38720 | Vaults:5 | Slain by Margery

Skill      XL: |  1  2  3  4  5  6  7  8  9 10 11 12 13 14 15 16 17 18 19 20 21 |
---------------+----------------------------------------------------------------+-----
Maces & Flails | 3 4 5 6 7 9 11 12 14 15 16 18 19 20 21 22 23 | 23.0
Fighting       | 4 5 6 7 9 10 11 12 13 14 15 16 17 18 19 20 22 | 22.3
Invocations    | 3 6 8 9 11 12 14 15 | 15.4
Shields        | 4 7 9 11 13 | 13.1
Armour         | 5 8 11 | 11.1

Action                   |  1- 3 |  4- 6 |  7- 9 | 10-12 | 13-15 | 16-18 | 19-21 | 22-24 || total
-------------------------+-------+-------+-------+-------+-------+-------+-------+-------++-------
Melee: Flail             |   134 |   161 |   581 |   181 |  1234 |  1247 |  1393 |    35 ||  4966
       Whip              |       |       |       |   716 |       |       |       |       ||   716
Invok: Upheaval          |       |       |       |     4 |     5 |    22 |     7 |     1 ||    39
       Disaster Area     |       |       |       |       |     7 |     6 |    12 |       ||    25
 Abil: Fly               |       |       |       |       |     1 |       |       |       ||     1
Evoke: Wand              |       |       |       |       |     2 |    20 |     5 |     3 ||    30
  Use: Scroll            |       |       |    17 |    12 |     8 |    19 |     7 |     6 ||    69
       Potion            |       |       |       |     9 |     5 |     4 |     6 |    14 ||    38
 Stab: Petrified         |       |       |       |       |       |     5 |       |       ||     5
  Eat: Chunk             |       |     5 |    12 |    15 |    17 |     6 |     3 |       ||    58
       Beef jerky        |       |       |     1 |     1 |     1 |     1 |       |       ||     4
       Pizza             |       |       |       |     2 |     9 |     3 |     2 |       ||    16
       Royal jelly       |       |       |       |       |     1 |     4 |     2 |       ||     7
       Fruit             |       |       |       |       |     1 |       |     2 |       ||     3
       Meat ration       |       |       |       |       |       |     2 |     4 |       ||     6
Armor: Scale mail        |    20 |       |       |       |       |       |       |       ||    20
       Ring mail         |    46 |   103 |   200 |       |       |       |       |       ||   349
       Plate armour      |       |       |    20 |   230 |    98 |       |       |       ||   348
       Crystal plate arm |       |       |       |       |   282 |   628 |   426 |    35 ||  1371
Dodge: Dodged            |    47 |    50 |   164 |   152 |   229 |   271 |   229 |    16 ||  1158
       Deflected         |       |       |       |     4 |    10 |    18 |    24 |     4 ||    60
Block: Shield            |    70 |   106 |   321 |   573 |  1050 |  1573 |   443 |       ||  4136
       Reflection        |       |       |     3 |    36 |    25 |    82 |   114 |     4 ||   264
       Buckler           |       |       |       |       |       |       |   577 |    40 ||   617
